[Event "*** Titled Tuesday Blitz AM"]
[Site "Chess.com"]
[Date "2020.01.07"]
[Round "6"]
[White "ural58"]
[Black "enriquetejedor"]
[Result "1-0"]
[WhiteElo "2351"]
[BlackElo "2458"]
[TimeControl "180+2"]
[EndTime "10:19:35 PST"]
[Termination "ural58 won by resignation"]

1. e4 c5 2. b3 Nf6 3. e5 Nd5 4. Nc3 Nxc3 5. dxc3 Nc6 6. Nf3 g6 7. Bc4 Bg7 8. O-O O-O 9. Bf4 a6 10. a4 b6 11. Qd2 Bb7 12. Rad1 Na5 13. Qxd7 Qxd7 14.
Rxd7 Bxf3 15. gxf3 Nxc4 16. bxc4 e6 17. Rb1 Rfb8 18.
Rd6 Bf8 19. Rdxb6 Rd8 20. Kf1 a5 21. Ke2 h6 22. Be3 Kg7 23. f4 h5 24. R1b5 Rdc8 25. Rb7 Kg8 26. Rd7 Rcb8 27. Kd3 Kg7 28. Ke4 Kg8 29.
Rbb7 Rxb7 30. Rxb7 Rd8 31. Rb5 Rd1 32. Bxc5 Bxc5 33. Rxc5 Rh1 34. Rxa5 Rxh2 35. c5 Rh3 36. Kd4 Rf3 37. c6 Rxf4+ 38. Kc5 Rf3 39. Kb4 h4 40. c7 h3 41. c8=Q+ Kg7 42. Ra8 Kh6 43. Qh8+ Kg5 44. a5 Rf4+ 45. c4 Rh4 46. Qxh4+ Kxh4 47. Rh8+ 1-0

[Event "*** Titled Tuesday Blitz AM"]
[Site "Chess.com"]
[Date "2020.01.07"]
[Round "6"]
[White "bhavesh1810"]
[Black "Andrii_Prydun"]
[Result "1-0"]
[WhiteElo "2035"]
[BlackElo "2348"]
[TimeControl "180+2"]
[EndTime "10:19:36 PST"]
[Termination "bhavesh1810 won on time"]

1. e4 c5 2. Nf3 Nc6 3. d4 cxd4 4.
Nxd4 Qb6 5. Nb3 g6 6. Be3 Qc7 7. c3 Bg7 8. N1d2 Nf6 9. Be2 O-O 10. O-O a6 11. Bf3 d6 12. a4 Ne5 13. Be2 Neg4 14.
Bf4 Nh5 15. Bxd6 Qxd6 16. Bxg4 Bxg4 17. Qxg4 Rfd8 18. a5 Be5 19. g3 Bg7 20. Qe2 e5 21. Nc4 Qe6 22. Nc5 Qh3 23. Nb6 Rab8 24. Rad1 Bf8 25. Ncd7 Rbc8 26. Nxc8 Rxc8 27. Nxf8 Rxf8 28. Rd5 f5 29. Rxe5 f4 30. Qc4+ Kg7 31. Qd4 Kh6 32.
Qd6 Rf7 33. f3 fxg3 34. Qd2+ Kg7 35. Rg5 Rxf3 36. Rxf3 gxh2+ 37. Qxh2 Qxf3 38. Qe5+ Kh6 39. Rg2 Qe3+ 40. Kh2 Qc1 41. Qd6 Qe3 42. Qf8+ Ng7 43. Qf2 Qf3 44. Qxf3 1-0

[Event "*** Titled Tuesday Blitz AM"]
[Site "Chess.com"]
[Date "2020.01.07"]
[Round "6"]
[White "Ariadna_Atreides"]
[Black "csati17"]
[Result "0-1"]
[WhiteElo "2061"]
[BlackElo "2550"]
[TimeControl "180+2"]
[EndTime "10:19:37 PST"]
[Termination "csati17 won on time"]

1. d4 Nf6 2. Nf3 e6 3. e3 c5 4. Bd3 Nc6 5. O-O cxd4 6. exd4 d5 7. c3 Bd6 8. Bg5 h6 9. Bh4 Bd7 10. Nbd2 Rb8 11. a4 a6 12. Re1 b5 13. axb5 axb5 14. Ne5 Qc7 15. Bg3 b4 16. Ndf3 Ne7 17. Nxd7 Nxd7 18. Ne5 Nxe5 19. dxe5 Bc5 20. Qa4+ Qd7 21. cxb4 Qxa4 22. Rxa4 Bxb4 23. Rc1 O-O 24. f4 Bd2 25.
Rc2 Rb4 26. Rxb4 Bxb4 27. Rc7 Ra8 28. Rb7 Bc5+ 29. Kf1 Ra1+ 30. Ke2 Nc6 31. Bf2 Bxf2 32. Kxf2 g5 33. g3 Rh1 34. Kg2 Rd1 35. Ba6 Rd2+ 36.
Kh3 Nd4 37. Rb8+ Kg7 38. fxg5 hxg5 39. Kg4 Rxh2 40. Kxg5 Rg2 41. Kf4 Nf5 42. Rb3 d4 43. g4 Ne3 44. Rd3 Rxg4+ 45. Kf3 Rh4 46. b4 Nd5 47. b5 f6 48. exf6+ Kxf6 0-1

[Event "*** Titled Tuesday Blitz AM"]
[Site "Chess.com"]
[Date "2020.01.07"]
[Round "6"]
[White "capatl"]
[Black "Philosopherrr"]
[Result "1-0"]
[WhiteElo "2632"]
[BlackElo "2444"]
[TimeControl "180+2"]
[EndTime "10:19:44 PST"]
[Termination "capatl won by resignation"]

1. c4 e5 2. Nc3 Nf6 3. g3 Bb4 4. Bg2 O-O 5. Qb3 Nc6 6. e3 Bxc3 7. Qxc3 d5 8. Ne2 d4 9. Qb3 Nd7 10. O-O Nc5 11. Qa3 Na6 12. exd4 exd4 13. d3 Nab4 14. Qb3 Bf5 15. Rd1 a5 16. a3 a4 17. Qxb4 Nxb4 18.
axb4 Re8 19. Nf4 Bg4 20. f3 Bf5 21. Bf1 c6 22. Bd2 Qf6 23. Ra3 Bd7 24. Bg2 g5 25. Nh5 Qg6 26. g4 Re2 27. Bf1 Re7 28. Rda1 f5 29.
h3 b5 30. b3 f4 31. bxa4 bxa4 32. Kf2 c5 33. b5 Re3 34. Rxa4 Rxa4 35. Rxa4 Qe6 36.
Ra8+ Kf7 37. Ra7 Ke7 38. Ng7 Qb6 39. Nf5+ Kd8 40. Ra6 Qb7 41. Bg2 Rxd3 42. Ba5+ Kc8 43. Nd6+ Kb8 44. Nxb7 Kxb7 45. Rb6+ Kc8 46. Rd6 Ra3 47.
Bb6 Ra2+ 48. Kg1 Rc2 49. Bf1 Rc3 50. Kf2 Rc2+ 51. Be2 Be8 52. Bxc5 Bg6 53. Rxd4 Rb2 54. Be7 1-0

[Event "*** Titled Tuesday Blitz AM"]
[Site "Chess.com"]
[Date "2020.01.07"]
[Round "6"]
[White "farzadbfd"]
[Black "Jabberwockiez"]
[Result "1-0"]
[WhiteElo "2612"]
[BlackElo "2285"]
[TimeControl "180+2"]
[EndTime "10:19:45 PST"]
[Termination "farzadbfd won by checkmate"]

1. Nf3 Nf6 2. b3 g6 3. Bb2 Bg7 4. g3 O-O 5. Bg2 d5 6. c4 c5 7. cxd5 Nxd5 8. Bxg7 Kxg7 9. O-O Nc6 10. Qc1 b6 11. Nc3 Nc7 12. Rd1 Bb7 13. Ne5 Nxe5 14.
Bxb7 Rb8 15. Bg2 Ne6 16. Qb2 Nd4 17. e3 Ndf3+ 18. Bxf3 Nxf3+ 19. Kg2 Ne5 20. d4 cxd4 21. Rxd4 Qc8 22. Nd5 Qb7 23. e4 Rfd8 24. f4 Ng4 25. Rc4+ Kg8 26. Rc7 Ne3+ 27. Kf3 Nxd5 28. Rxb7 Rxb7 29.
exd5 Rbd7 30. Rd1 e6 31. d6 Rxd6 32. Rxd6 Rxd6 33. Qe5 Rd7 34. h4 Kf8 35. Qh8+ Ke7 36. Qxh7 Rd3+ 37. Kg4 Rd2 38. a4 Rd3 39. Qh8 Rxb3 40.
Qb8 a5 41. Qc7+ Kf8 42. Kg5 Rd3 43. Kf6 Ke8 44. Qe7# 1-0

[Event "*** Titled Tuesday Blitz AM"]
[Site "Chess.com"]
[Date "2020.01.07"]
[Round "6"]
[White "Olga_Zhuravleva"]
[Black "Supernotar"]
[Result "1-0"]
[WhiteElo "2338"]
[BlackElo "2578"]
[TimeControl "180+2"]
[EndTime "10:19:46 PST"]
[Termination "Olga_Zhuravleva won by resignation"]

1. e4 c6 2. Nc3 d5 3. Nf3 Bg4 4. h3 Bxf3 5. Qxf3 e6 6. d3 Qb6 7. a3 Nf6 8. g3 Be7 9. Bg2 O-O 10. O-O dxe4 11. Nxe4 Nbd7 12. Qe2 Nxe4 13. Bxe4 Nf6 14. Bg2 Rfd8 15. Rb1 a5 16. Be3 Bc5 17. Bd2 a4 18.
Bg5 Be7 19. b4 axb3 20. Rxb3 Qc7 21. Rfb1 Rdb8 22. Bc1 Ra7 23. d4 Rba8 24. Qd3 b5 25. Rc3 Nd5 26. Bxd5 exd5 27. Rxb5 cxb5 28. Rxc7 Rxc7 29.
Qxb5 Rxc2 30. Bf4 Bf8 31. Qxd5 Rxa3 32. Qd8 Rca2 33. Be5 Ra8 34. Qd5 Ra1+ 35. Kg2 R1a5 36. Qc4 Ra4 37. Qb3 Ra3 38. Qb7 R3a7 39. Qf3 Rd8 40.
Qg4 Rad7 41. h4 Kh8 42. h5 f6 43. Bf4 Rxd4 44. h6 R4d7 45. hxg7+ Bxg7 46. Qe6 Rb7 47. Bh6 Rbd7 48. Bxg7+ Kxg7 49. Qg4+ Kh8 50. Qe6 Kg7 51.
Qg4+ Kf7 52. Qh5+ Kf8 53. Qh6+ Kg8 54. Qxf6 Rf8 55. Qe6+ Rdf7 56. f4 Kg7 57. Kf3 Rf6 58.
Qd7+ R8f7 59. Qd4 h6 60. Kg2 1-0

[Event "*** Titled Tuesday Blitz AM"]
[Site "Chess.com"]
[Date "2020.01.07"]
[Round "6"]
[White "Manukyan_Artak"]
[Black "econpower"]
[Result "1/2-1/2"]
[WhiteElo "2444"]
[BlackElo "2613"]
[TimeControl "180+2"]
[EndTime "10:19:49 PST"]
[Termination "Game drawn by repetition"]

1. e4 c5 2. Nf3 d6 3. Bb5+ Nd7 4. O-O a6 5. Bd3 Ngf6 6. a4 g6 7. c3 Ne5 8. Be2 Nxf3+ 9. Bxf3 Bg7 10. d4 cxd4 11.
cxd4 O-O 12. Nc3 Nd7 13. h4 Rb8 14. h5 b5 15. axb5 axb5 16. h6 Bh8 17. Bg5 Bf6 18. Bxf6 Nxf6 19. e5 Nd7 20. Qe2 b4 21. Ne4 d5 22. Nc5 Nxc5 23. dxc5 e6 24. Ra7 Bd7 25. Rc1 Bc6 26. Qd2 Re8 27. Rca1 Re7 28. Qg5 Reb7 29. Rxb7 Bxb7 30. Qxd8+ Rxd8 31. Ra4 f6 32. Rxb4 Ba8 33.
exf6 Kf7 34. Rb6 Kxf6 35. b4 Ke5 36. Kf1 Kd4 37. Rxe6 Kc3 38. Rb6 d4 39. Bxa8 Rxa8 40. Rd6 d3 41. g4 Rb8 42. c6 Rxb4 43. Kg2 Rxg4+ 44. Kf3 Rg5 45. Ke3 Re5+ 46. Kf4 Rc5 47. Ke3 Re5+ 48. Kf4 Rc5 49. Ke3 Re5+ 1/2-1/2

[Event "*** Titled Tuesday Blitz AM"]
[Site "Chess.com"]
[Date "2020.01.07"]
[Round "6"]
[White "PotapovaM"]
[Black "mikhaillushenkov"]
[Result "0-1"]
[WhiteElo "2510"]
[BlackElo "2652"]
[TimeControl "180+2"]
[EndTime "10:19:50 PST"]
[Termination "mikhaillushenkov won by resignation"]

1. d4 Nf6 2. c4 e6 3. Nf3 d5 4.
Nc3 c6 5. Bg5 Nbd7 6. e3 Qa5 7.
Nd2 dxc4 8. Bxf6 Nxf6 9. Nxc4 Qc7 10. g3 b6 11. Bg2 Bb7 12. O-O Rc8 13. Rc1 Qb8 14.
f4 Be7 15. f5 exf5 16. Rxf5 Rd8 17. Qa4 Qc8 18. Ne5 Qxf5 19. Qxa7 Ba8 20. Nxc6 Bxc6 21. Bxc6+ Kf8 22. Qxb6 Qe6 23. d5 Nxd5 24. Nxd5 Rxd5 25.
Qb8+ Rd8 26. Qf4 h6 27. Ba4 Bg5 28. Qb4+ Qe7 29. Qxe7+ Kxe7 30. Kg2 Rd2+ 31. Kf3 Rhd8 32. Rc7+ Kd6 33. Rxf7 Bf6 34. Bb3 Rxb2 35. h4 Ke5 36.
Rb7 Rdd2 37. Rb5+ Kd6 38. Ke4 Rg2 39. Rb6+ Kc5 40. Rb8 Rxg3 41. Rc8+ Kb6 42. h5 Rg5 43. Bf7 Rb4+ 44. Kf3 Rf5+ 45. Ke2 Rb2+ 46. Kd3 Ra5 47. e4 Ra3+ 48. Kc4 Rc3+ 49. Kd5 Rxc8 0-1

[Event "*** Titled Tuesday Blitz AM"]
[Site "Chess.com"]
[Date "2020.01.07"]
[Round "6"]
[White "nihalsarin"]
[Black "Korchmar_Vasiliy"]
[Result "1-0"]
[WhiteElo "3065"]
[BlackElo "2764"]
[TimeControl "180+2"]
[EndTime "10:19:51 PST"]
[Termination "nihalsarin won by resignation"]

1. Nf3 d5 2. b3 Bf5 3. Bb2 e6 4. g3 Nf6 5. Bg2 Be7 6. O-O O-O 7. d3 h6 8. Nbd2 a5 9. a3 Nbd7 10. c4 c6 11. Qc2 Bh7 12. Ne5 Nxe5 13. Bxe5 Nd7 14.
Bb2 Bf6 15. Rfc1 Re8 16. b4 axb4 17. axb4 Qe7 18. Bxf6 Qxf6 19. Nb3 dxc4 20. Rxa8 Rxa8 21. Qxc4 Qb2 22. Bf1 Bg6 23. Na5 Nb6 24. Qc3 Qxc3 25. Rxc3 Nd5 26. Rb3 c5 27. Nxb7 cxb4 28. e4 Rb8 29. Nc5 Nc7 30. d4 f5 31. f3 fxe4 32. fxe4 Bf7 33. Bc4 Rd8 34. Rd3 Ra8 35. Rb3 Rd8 36.
Rd3 Ra8 37. Kf2 Rb8 38. Rb3 g5 39. Ke3 Kg7 40. Nd3 Bg6 41. Nxb4 Ra8 42. Nd3 Ra7 43. Nc5 Kf6 44. Rb6 Ra3+ 45. Kd2 Ke7 46. Nxe6 Nxe6 47. Rxe6+ 1-0

[Event "*** Titled Tuesday Blitz AM"]
[Site "Chess.com"]
[Date "2020.01.07"]
[Round "6"]
[White "TigrVShlyape"]
[Black "Sashadav97"]
[Result "1-0"]
[WhiteElo "2818"]
[BlackElo "2559"]
[TimeControl "180+2"]
[EndTime "10:19:53 PST"]
[Termination "TigrVShlyape won by resignation"]

1. d4 d5 2. Nf3 Nf6 3. Bf4 e6 4. e3 Bd6 5. Bg3 c5 6. c4 cxd4 7. exd4 Bxg3 8. hxg3 dxc4 9. Bxc4 Nc6 10. Nc3 h6 11.
O-O O-O 12. a3 Ne7 13. Qe2 b6 14. Rad1 Bb7 15. Ne5 Rc8 16. Rfe1 Ned5 17. Qd3 Qc7 18. Nb5 Qb8 19. Ba2 Ba6 20. Bb1 Qb7 21. Qb3 Qe7 22. Nc3 Bb7 23. Ne2 Rfd8 24. g4 Nd7 25. Nf3 Nf8 26. Ng3 Qc7 27. Ne5 Nf6 28. f4 Bd5 29.
Qd3 N6d7 30. g5 Nxe5 31. Rxe5 Bc4 32. Qf3 hxg5 33. Rxg5 f6 34. Rg4 Bd5 35. Qd3 Qc4 36. Qd2 Qb3 37. Nh5 Rc7 38. Nxf6+ Kf7 39. Nxd5 Rxd5 40. Qe2 Rcd7 41. Rf1 Rxd4 42. f5 exf5 43. Bxf5 Re7 44. Be6+ Ke8 45. Rxf8+ Kxf8 46. Qf3+ Ke8 47.
Bxb3 Re1+ 48. Kf2 1-0

[Event "*** Titled Tuesday Blitz AM"]
[Site "Chess.com"]
[Date "2020.01.07"]
[Round "6"]
[White "BocharovD"]
[Black "heyiampotato"]
[Result "1-0"]
[WhiteElo "2769"]
[BlackElo "2507"]
[TimeControl "180+2"]
[EndTime "10:19:54 PST"]
[Termination "BocharovD won by resignation"]

1. c4 Nf6 2. g3 g6 3. Bg2 Bg7 4. Nc3 O-O 5. d4 d6 6. Nf3 Nc6 7. O-O Bf5 8. Nh4 Bd7 9. f4 e6 10. Nf3 d5 11. b3 Ne7 12. Ne5 c6 13. e4 Bc8 14. Ba3 dxe4 15. Nxe4 Nxe4 16. Bxe4 Re8 17. Qd2 Nf5 18. Rad1 Qc7 19. g4 Nd6 20. Bg2 f6 21.
Nf3 b6 22. Rfe1 Bb7 23. Qe3 Rad8 24. h3 Nf7 25. Bb2 Bh6 26. g5 fxg5 27. fxg5 Bg7 28. h4 c5 29. Qf2 Qf4 30. Bc1 Qg4 31. dxc5 bxc5 32. Nh2 Qxd1 33. Bxb7 Qd7 34. Qg2 Bd4+ 35. Kh1 Ne5 36. Be4 Rf8 37. Qg3 Qd6 38. Bf4 Rf7 39. Ng4 Rxf4 40. Qxf4 Nxg4 41. Qxg4 Rf8 42. Bg2 e5 43. Rf1 Rxf1+ 44. Bxf1 Qf8 45. Bg2 Kg7 46. h5 Qf2 47. Qd7+ Kf8 48. Qd8+ Kg7 49. h6+ 1-0

[Event "*** Titled Tuesday Blitz AM"]
[Site "Chess.com"]
[Date "2020.01.07"]
[Round "6"]
[White "yy2324"]
[Black "nonscitis"]
[Result "0-1"]
[WhiteElo "2347"]
[BlackElo "2558"]
[TimeControl "180+2"]
[EndTime "10:19:55 PST"]
[Termination "nonscitis won by resignation"]

1. e4 c5 2. Nf3 Nc6 3. Nc3 e5 4. Bc4 d6 5. d3 Be7 6. Nd2 Be6 7. h3 Nf6 8. O-O O-O 9. a4 Qd7 10. Re1 Rfe8 11. Nd5 Rac8 12. Nf1 Na5 13. Ng3 Nxc4 14. dxc4 Bxd5 15. cxd5 g6 16. c4 Bf8 17. Qd3 Bg7 18.
Bd2 h6 19. b4 cxb4 20. Bxb4 Qe7 21. Rec1 Nd7 22. Qd2 h5 23. a5 Kh7 24. Qe3 Bh6 25.
Qxa7 Bxc1 26. Rxc1 Nc5 27. Bxc5 Rxc5 28. Rb1 Rc7 29.
Rb6 Rec8 30. Ne2 Rxc4 31. Rxb7 R4c7 32. a6 Rxb7 33. axb7 Rc7 34. Qe3 Rxb7 35. f4 exf4 36. Qxf4 Qe5 37. Qxe5 dxe5 38. Kf2 f5 39. Nc3 Rb2+ 40.
Ke3 Rb3 41. Kd2 Kg7 42. Kc2 Rb4 43. Kd3 Rd4+ 44. Ke3 fxe4 45. d6 Rxd6 46. Kxe4 Rd2 47. g4 hxg4 48. hxg4 Rd4+ 49. Kxe5 Rxg4 50. Ne4 Rg1 51.
Kf4 Kh6 52. Kf3 g5 53. Kf2 Ra1 54. Kg3 Kh5 55. Nf6+ Kg6 56. Ne4 Ra3+ 57. Kg2 Kf5 58. Ng3+ Kg4 59. Ne2 Ra2 60. Kf2 Kh3 61. Kf1 Rxe2 62.
Kxe2 Kg2 63. Ke1 g4 64. Ke2 g3 65. Ke1 Kh1 0-1

[Event "*** Titled Tuesday Blitz AM"]
[Site "Chess.com"]
[Date "2020.01.07"]
[Round "6"]
[White "NemtsevIgor"]
[Black "Borsuk_Konstantin"]
[Result "1-0"]
[WhiteElo "2382"]
[BlackElo "2507"]
[TimeControl "180+2"]
[EndTime "10:20:01 PST"]
[Termination "NemtsevIgor won on time"]

1. d4 Nf6 2. Bf4 b6 3. e3 Bb7 4. Nf3 d6 5. Nbd2 Nh5 6. Bg5 h6 7. Bh4 g5 8. Bg3 Nd7 9. a4 a5 10. c3 Bg7 11. Bc4 e6 12. Qe2 Qe7 13. Bb5 c6 14.
Bd3 d5 15. e4 Nf4 16. Bxf4 gxf4 17. O-O h5 18. Rfe1 h4 19. h3 Kf8 20. e5 Re8 21. Nh2 f5 22. exf6 Bxf6 23. Bg6 Rd8 24. Qxe6 Qxe6 25.
Rxe6 Kg7 26. Bf5 Nf8 27. Ree1 c5 28. Ndf3 Rh5 29. Bd3 Kg8 30. Ng4 Bg7 31. Re7 Bc8 32. Rae1 cxd4 33. Nxd4 Bxd4 34. cxd4 Bxg4 35. hxg4 Rh6 36.
Bf5 Rc6 37. Rb7 Ng6 38. b3 f3 39. gxf3 Rf8 40. Bxg6 Rxg6 41. Kg2 h3+ 42. Kg3 Rgf6 43. g5 Rxf3+ 44. Kg4 h2 45. Rh1 Rxf2 46. Kh5 Re2 47.
Kh6 Rf7 48. Rb8+ Rf8 49. Rxb6 Rfe8 50. g6 1-0

[Event "*** Titled Tuesday Blitz AM"]
[Site "Chess.com"]
[Date "2020.01.07"]
[Round "6"]
[White "Fh2411"]
[Black "dawtonlms"]
[Result "1-0"]
[WhiteElo "2499"]
[BlackElo "2324"]
[TimeControl "180+2"]
[EndTime "10:20:02 PST"]
[Termination "Fh2411 won by resignation"]

1. d4 Nf6 2. Nf3 e6 3. c4 d5 4.
Nc3 c6 5. e3 Nbd7 6. Qc2 Be7 7.
b3 O-O 8. Bd3 b6 9. O-O Bb7 10.
Ne5 c5 11. cxd5 exd5 12. Bb2 Rc8 13. Rac1 a6 14. Bf5 g6 15. Bh3 Rc7 16. Qe2 Bd6 17.
f4 Nb8 18. Na4 cxd4 19. exd4 Ne4 20. Rxc7 Bxc7 21. Nc3 f5 22. Nd1 Nc6 23. Ne3 Ne7 24. Rc1 Bd6 25. g3 Kg7 26. Bf1 Ng8 27. Rc2 Ngf6 28.
Qd1 Qa8 29. Qc1 Rc8 30. Bd3 Rxc2 31. Qxc2 Qc8 32. Qxc8 Bxc8 33. Kg2 Bb7 34. Kf3 Kf8 35. h3 Ke7 36. g4 fxg4+ 37. hxg4 Nd7 38. g5 Bxe5 39.
dxe5 Ndc5 40. Bb1 d4 41. Bxd4 Nc3+ 42. Kg4 Nxb1 43. f5 Bc8 44. e6 gxf5+ 45. Nxf5+ Kxe6 46. Ne3 Nd2 47. Kh5 Kf7 48. Kh6 Kg8 49. Nd5 Nf3 50. Ne7+ Kf7 51. Nxc8 Nxd4 52. Kxh7 Nf5 53. g6+ Kf6 54.
Nxb6 Nd3 55. Nd5+ Ke6 56. Nc7+ Kd7 57. Nxa6 Nb4 58. Nxb4 1-0

[Event "*** Titled Tuesday Blitz AM"]
[Site "Chess.com"]
[Date "2020.01.07"]
[Round "6"]
[White "1stSecond"]
[Black "AminMolaei"]
[Result "1-0"]
[WhiteElo "2825"]
[BlackElo "2570"]
[TimeControl "180+2"]
[EndTime "10:20:04 PST"]
[Termination "1stSecond won by resignation"]

1. Nf3 Nf6 2. g3 d5 3. Bg2 c6 4. O-O Bf5 5. d3 h6 6. c4 e6 7.
Nc3 Be7 8. cxd5 exd5 9. e4 dxe4 10. dxe4 Qxd1 11. Rxd1 Nxe4 12. Nd4 Nxc3 13. bxc3 Bd7 14. Re1 Kd8 15. Rb1 b6 16. Bf4 Bf6 17. Rbd1 Kc8 18.
Nb5 cxb5 19. Bxa8 Na6 20. Bb7+ Kxb7 21. Rxd7+ Kc6 22. Rxa7 Nc5 23. Rd1 Ne6 24. Be3 Bxc3 25. Rad7 b4 26. R1d6+ Kb5 27. Rxb6+ Kc4 28. Rxf7 Re8 29.
h4 Kd3 30. Rd7+ Ke2 31. Kg2 Nf8 32. Rc7 Ne6 33. Rcc6 Nf8 34. a3 Nd7 35. Re6 Rxe6 36. Rxe6 bxa3 37. Bc5+ Kd3 38. Bxa3 Kc4 39. h5 Nf6 40. Rc6+ Kd3 41. Rc5 Bd4 42. Ra5 Ne4 43.
f3 Ng5 44. Be7 Ne6 45. Kh3 Bc3 46. Ra6 Nc7 47. Rd6+ Ke3 48. Rc6 Nd5 49. Kg4 Be5 50.
Re6 Kd4 51. Bc5+ Kxc5 52. Rxe5 Kd6 53. Rxd5+ Kxd5 1-0

[Event "*** Titled Tuesday Blitz AM"]
[Site "Chess.com"]
[Date "2020.01.07"]
[Round "6"]
[White "StephenDedalus83"]
[Black "ShahMatKanal"]
[Result "1-0"]
[WhiteElo "2701"]
[BlackElo "2523"]
[TimeControl "180+2"]
[EndTime "10:20:05 PST"]
[Termination "StephenDedalus83 won by resignation"]

1. e4 c5 2. Nf3 Nc6 3. d4 cxd4 4. Nxd4 e5 5. Nf5 d6 6. Nc3 Be6 7. Ne3 Nf6 8. g3 Be7 9. Bg2 O-O 10. O-O a6 11. Ncd5 Bxd5 12. Nxd5 Nxd5 13. Qxd5 Nd4 14. c3 Ne2+ 15. Kh1 Nxc1 16. Raxc1 Qb6 17. Rc2 Qc6 18.
Rd1 Qxd5 19. Rxd5 Rfc8 20. Bh3 Rc7 21. f3 Kf8 22. Rcd2 Ke8 23. Bf1 Rc5 24. R5d3 Rac8 25. h4 h5 26. Be2 g6 27. Bd1 Ra5 28. Bb3 Rac5 29. Bd5 R5c7 30. Kg2 Bf8 31. Kh3 f6 32. Rg2 Rh7 33. c4 Rcc7 34. Rb3 g5 35. Rb6 Rhg7 36.
Kh2 gxh4 37. gxh4 Rxg2+ 38. Kxg2 Kd7 39. Rxb7 Rxb7 40. Bxb7 a5 41. Bd5 Ke8 42. Kf2 Bh6 43. Ke2 Bf4 44. a3 Bc1 45. b4 a4 46. Bc6+ Ke7 47. Bxa4 Bxa3 48. b5 Bc5 49. Bd1 Kf7 50. Kd3 Kg6 51. Be2 f5 52. Bf1 f4 53. Bh3 Bb6 54. Bd7 Kh6 55. Be8 Bd8 56. c5 dxc5 57. Kc4 Bxh4 58. b6 Bd8 59. b7 Bc7 60. Kxc5 h4 61.
Bd7 Kg5 62. Kc6 h3 63. Bxh3 Bb8 64. Kd7 Kh4 65. Bg4 Kg3 66. Kc8 1-0

[Event "*** Titled Tuesday Blitz AM"]
[Site "Chess.com"]
[Date "2020.01.07"]
[Round "6"]
[White "DanielNaroditsky"]
[Black "Vugar_Manafov"]
[Result "1-0"]
[WhiteElo "3078"]
[BlackElo "2564"]
[TimeControl "180+2"]
[EndTime "10:20:06 PST"]
[Termination "DanielNaroditsky won by resignation"]

1. d4 Nf6 2. Nc3 c5 3. d5 d6 4.
e4 g6 5. Nf3 Bg7 6. Be2 Bg4 7.
a4 O-O 8. O-O a6 9. a5 Nbd7 10.
Be3 b5 11. axb6 Qxb6 12. Ra2 Ne8 13. Nd2 Bxe2 14. Qxe2 Nc7 15. Nc4 Qb4 16. Bd2 Ne5 17. Na5 Nb5 18. Nxb5 Qxb5 19. c4 Qb6 20. Bc3 Rfe8 21.
f4 Nd7 22. Bxg7 Kxg7 23. Rf3 e6 24. Rb3 Qd8 25. Re3 exd5 26. cxd5 Nf6 27. Nc4 Qc7 28. Ra1 h5 29. h3 h4 30. Rd1 Nh5 31. Qf2 Ng3 32.
e5 Nf5 33. Re4 Rab8 34. Rde1 Qd7 35. Qd2 Ng3 36. Nxd6 Nxe4 37. Nxe8+ Rxe8 38. Rxe4 Qf5 39. Re1 g5 40. fxg5 Kg6 41. d6 Qxg5 42. Qd5 Qg3 43.
Qe4+ Kg7 44. d7 Rd8 45. e6 f5 46. Qe5+ Qxe5 47. Rxe5 Kf6 48. e7 1-0

[Event "*** Titled Tuesday Blitz AM"]
[Site "Chess.com"]
[Date "2020.01.07"]
[Round "6"]
[White "Mikhail_Golubev"]
[Black "Daxasy"]
[Result "1-0"]
[WhiteElo "2589"]
[BlackElo "2797"]
[TimeControl "180+2"]
[EndTime "10:20:07 PST"]
[Termination "Mikhail_Golubev won by resignation"]

1. e4 e6 2. d4 d5 3. Nc3 Nf6 4. Bg5 Bb4 5. e5 h6 6. Bd2 Bxc3 7. bxc3 Ne4 8. Qg4 Kf8 9. Bd3 Nxd2 10. Kxd2 c5 11.
Nf3 c4 12. Be2 Nc6 13. a4 Bd7 14. h4 Rb8 15. Qf4 a6 16. h5 b5 17. axb5 axb5 18. Rhb1 b4 19. cxb4 Nxb4 20. Qe3 Nc6 21. g4 Rxb1 22.
Rxb1 Qa5+ 23. Kd1 Qa2 24. Qc1 Qa5 25. Ra1 Qc3 26. Ra8+ Be8 27. Qb1 Qb4 28. Qa1 Ke7 29.
c3 Qb3+ 30. Ke1 f6 31. Bd1 Qb7 32. Qa3+ Kf7 33. Bc2 f5 34. gxf5 Rf8 35. fxe6+ Kg8 36. Bh7+ Kxh7 37. Qxf8 Qxa8 38. Qf5+ Kg8 39. e7 Qa1+ 40.
Ke2 Qb2+ 41. Kf1 Qb1+ 42. Qxb1 Bxh5 43. Qd1 Nxe7 44. Kg2 Bg6 45. Qd2 Be4 46. Qf4 Nf5 47. Kf1 g5 48. Qc1 Bxf3 49. Qa3 Kf7 50. Qa6 Ne7 51. Qf6+ Ke8 52. Qxf3 h5 53. Qxh5+ Kd7 54. Qxg5 Nc6 55. Qf6 Kc7 56. Qd6+ Kb7 57. e6 Nxd4 1-0

[Event "*** Titled Tuesday Blitz AM"]
[Site "Chess.com"]
[Date "2020.01.07"]
[Round "6"]
[White "Zubrrr"]
[Black "Genghis_K"]
[Result "1-0"]
[WhiteElo "2769"]
[BlackElo "2887"]
[TimeControl "180+2"]
[EndTime "10:20:10 PST"]
[Termination "Zubrrr won by resignation"]

1. c4 e6 2. g3 Nf6 3. Bg2 d5 4.
Nf3 Be7 5. O-O O-O 6. b3 d4 7. Bb2 c5 8. e3 Nc6 9. exd4 cxd4 10. Re1 Ng4 11. Nxd4 Nxf2 12. Nxc6 Nxd1 13. Nxd8 Nxb2 14. Nxb7 Rb8 15. Na5 Bc5+ 16. Kf1 Nd3 17. Re2 Rb6 18. Nc3 e5 19. Nd5 Rh6 20. b4 Bd4 21. Ne7+ Kh8 22. Nxc8 Bxa1 23. Ne7 Rf6+ 24.
Kg1 Bd4+ 25. Kh1 Nxb4 26. Nd5 Nxd5 27. Bxd5 Rb8 28. Nc6 Rb1+ 29. Kg2 Rg1+ 30. Kh3 h5 31. Nxe5 g5 32. Nxf7+ Kg7 33. Nxg5 Rc1 34. Ne6+ Rxe6 35. Bxe6 Rc2 36. a4 Ra2 37. Bd7 Rc2 38. Bb5 Bf6 39.
Kg2 Bg5 40. Kf3 Rxd2 41. Rxd2 Bxd2 42. Be8 h4 43. c5 hxg3 44. hxg3 Bb4 45. c6 Bd6 46. g4 Kf6 47. Ke4 Bc7 48. Kd5 Ke7 49. Bd7 Kf6 50. Bc8 Bb8 51. Kc5 Bf4 52. Kb5 Ke7 53.
Ka6 Kd8 54. Bd7 Kc7 55. Kxa7 1-0

[Event "*** Titled Tuesday Blitz AM"]
[Site "Chess.com"]
[Date "2020.01.07"]
[Round "6"]
[White "MathiasWomacka"]
[Black "szefru"]
[Result "1-0"]
[WhiteElo "2336"]
[BlackElo "2117"]
[TimeControl "180+2"]
[EndTime "10:20:11 PST"]
[Termination "MathiasWomacka won on time"]

1. e4 e5 2. Nf3 Nc6 3. Bc4 Be7 4.
O-O Nf6 5. d3 d6 6. Re1 Bg4 7. h3 Bh5 8. Nbd2 a6 9. c3 Na5 10. Bb3 Nxb3 11. axb3 c5 12. Nf1 O-O 13. Ng3 Bg6 14. Nh4 Nd7 15. Nhf5 Bxf5 16. Nxf5 Nf6 17. Bg5 Re8 18. Qf3 g6 19. Nxe7+ Qxe7 20. Bxf6 Qe6 21. c4 a5 22. Bg5 Kg7 23. Qg4 f5 24. exf5 gxf5 25. Qg3 Kf7 26. f4 e4 27. dxe4 fxe4 28.
f5 Qe5 29. Qxe5 Rxe5 30. g4 Rae8 31. Bf4 R5e7 32. Bxd6 Rd7 33. Bxc5 Rd2 34. Rxa5 Kf6 35. Be3 Rd3 36. Rb5 Re7 37. Kf2 Rdd7 38. Ke2 h5 39.
Rd1 Rc7 40. Rb6+ Kf7 41. g5 Rc6 42. Rxc6 bxc6 43. Rd6 Rb7 44. Rxc6 Rxb3 45. Rc7+ Kg8 46. g6 h4 47. Bd4 Kf8 48. f6 1-0

[Event "*** Titled Tuesday Blitz AM"]
[Site "Chess.com"]
[Date "2020.01.07"]
[Round "6"]
[White "mishanick"]
[Black "Duhless"]
[Result "0-1"]
[WhiteElo "2973"]
[BlackElo "3112"]
[TimeControl "180+2"]
[EndTime "10:20:21 PST"]
[Termination "Duhless won by resignation"]

1. d4 Nf6 2. c4 e6 3. Nf3 c5 4. d5 exd5 5. cxd5 d6 6. Nc3 g6 7. h3 Bg7 8. e4 a6 9. a4 Nh5 10. Bd3 Nd7 11. O-O Ne5 12. Be2 Nxf3+ 13. Bxf3 Qh4 14.
Be3 Be5 15. Bg4 Bxg4 16. Qxg4 Qe7 17. Bg5 Qd7 18. a5 Qxg4 19. hxg4 Nf6 20. f3 h5 21.
Bxf6 Bxf6 22. gxh5 Bd4+ 23. Kh2 Rxh5+ 24. Kg3 Rg5+ 25.
Kh3 Kd7 26. g4 f5 27. Ne2 fxg4+ 28. fxg4 Rh8+ 29. Kg3 Bxb2 30. Rab1 Be5+ 31. Nf4 Kc8 32. Rh1 Rf8 33. Rbf1 c4 34. Rh7 c3 35. Rf3 Rh5 36. gxh5 c2 37. Rc3+ Bxc3 38. Nd3 gxh5 39. Rxh5 Rg8+ 40. Kf2 Bxa5 41. Rh1 Kd7 42. Rc1 Rc8 43.
Ke2 Bd8 44. Ne1 Bg5 45. Rxc2 Rxc2+ 46. Nxc2 Bf6 47. Kd3 Kc7 48. Nb4 a5 49. Nc2 b5 50.
Ne3 Kb6 51. Ng4 Bg7 52. Ne3 a4 53. Nc2 Kc5 54. Ne3 Be5 55. Ng4 Bh8 56. Nh6 a3 57. Kc2 a2 0-1